 Dungeon Crawl Stone Soup version 0.27-a0-1434-g6f15984924 (webtiles) character file.

Game seed: 7944142339154406136

5728 Araneus the Basher (level 10, -1/73 HPs)
             Began as a Demonspawn Fighter on July 3, 2021.
             Was a Believer of Okawaru.
             Succumbed to Xenoroth's ghost's poison
             ... on level 9 of the Dungeon.
             The game lasted 00:26:36 (9222 turns).

Araneus the Basher (Demonspawn Fighter)             Turns: 9222, Time: 00:26:36

Health: -1/73      AC: 14    Str: 19    XL:     10   Next: 48%
Magic:  13/13      EV:  7    Int: 10    God:    Okawaru [**....]
Gold:   204        SH:  0    Dex: 13    Spells: 2/9 levels left

rFire    + + .     SeeInvis .   a - +0 flail
rCold    . . .     Faith    .   c - +0 kite shield
rNeg     . . .     Spirit   .   k - +0 fire dragon scales
rPois    .         Reflect  .   f - +0 helmet
rElec    .         Harm     .   z - +0 cloak
rCorr    .         Rampage  .   (no gloves)
Will     +....                  (no boots)
Stlth    ..........             l - amulet of regeneration
HPRegen  1.22/turn              D - ring of protection from cold
MPRegen  0.13/turn              i - ring of willpower

@: confused, lethally poisoned (-1 -> -21), ambrosia-drunk, flying
A: talons 1, rugged brown scales 2, spiny 1, demonic magic 1
a: Renounce Religion, Heroism


You were on level 9 of the Dungeon.
You worshipped Okawaru.
Okawaru was pleased with you.
You visited 2 branches of the dungeon, and saw 10 of its levels.

You collected 204 gold pieces.

Inventory:

Hand Weapons
 a - a +0 flail (weapon)
 o - a +0 whip of venom
Missiles
 g - a curare-tipped dart
 p - 3 throwing nets (quivered)
Armour
 c - a +0 kite shield (worn)
 f - a +0 helmet (worn)
 k - +0 fire dragon scales (worn)
 z - a +0 cloak (worn)
Jewellery
 b - a ring of protection from fire
 i - a ring of willpower (right hand)
 l - an amulet of regeneration (around neck)
 A - a ring of protection from fire
 B - a ring of protection from fire
 D - a ring of protection from cold (left hand)
Wands
 h - a wand of flame (25)
 m - a wand of acid (23)
 t - a wand of iceblast (3)
Scrolls
 e - a scroll of immolation {unknown}
 j - a scroll of magic mapping {unknown}
 r - 2 scrolls of fear {unknown}
 u - a scroll of brand weapon {unknown}
 v - a scroll of enchant weapon {unknown}
 x - 2 scrolls of amnesia
 y - a scroll of fog {unknown}
 E - a scroll of teleportation {unknown}
Potions
 n - a potion of lignification
 s - a potion of cancellation
 w - 2 potions of brilliance
 C - a potion of ambrosia


   Skills:
 + Level 3.3 Fighting
 + Level 11.8 Maces & Flails
 * Level 5.4 Armour
 * Level 5.5 Shields
 * Level 3.3 Summonings
 * Level 4.0 Invocations


You had 2 spell levels left.
You knew the following spells:

 Your Spells              Type           Power      Damage    Failure   Level
a - Summon Small Mammal   Summ           24%        N/A       75%         1
b - Shadow Creatures      Summ           N/A        N/A       100%        6

Your spell library contained the following spells:

 Spells                   Type           Power      Damage    Failure   Level
 Animate Skeleton         Necr           0%         N/A       99%         1
 Apportation              Tloc           0%         N/A       99%         1
 Corona                   Hex            0%         N/A       99%         1
 Ensorcelled Hibernation  Hex/Ice        0%         N/A       100%        2
 Call Canine Familiar     Summ           6%         N/A       98%         3
 Ozocubu's Armour         Ice            0%         N/A       100%        3
 Portal Projectile        Hex/Tloc       0%         N/A       100%        3
 Spider Form              Tmut/Pois      0%         N/A       100%        3
 Tukima's Dance           Hex            0%         N/A       100%        3
 Cause Fear               Hex            0%         N/A       100%        4
 Leda's Liquefaction      Hex/Erth       0%         N/A       100%        4
 Summon Forest            Summ/Tloc      1%         N/A       100%        5
 Summon Mana Viper        Hex/Summ       3%         N/A       100%        5
 Dragon Form              Tmut           0%         N/A       100%        7
 Ozocubu's Refrigeration  Ice            0%         4d5       100%        7
 Dragon's Call            Summ           3%         N/A       100%        9


Dungeon Overview and Level Annotations

Branches:
Dungeon (9/15)             Temple (1/1) D:6             Orc (0/2) D:9
   Lair: D:8-11

Altars:
Ashenzari
Cheibriados
Dithmenos
Gozag
Hepliaklqana
Kikubaaqudgha
Makhleb
Nemelex Xobeh
Okawaru
Ru
Sif Muna
Trog
Uskayaw
Vehumet
Wu Jian
Xom
Yredelemnul
Zin
The Shining One

Shops:
D:6 =   D:8 =(   D:9 =

Annotations:
D:9 Xenoroth's ghost, journeyman SpHu


Innate Abilities, Weirdness & Mutations

You have sharp toenails.
You are mostly covered in rugged brown scales. (AC +2, +5% HP)
You are partially covered in sharp spines.
Spells you cast may paralyse adjacent enemies.


Message History

You are more poisoned.
You are too injured to fight recklessly!
You are too injured to fight recklessly!
You are too injured to fight recklessly!
You are too injured to fight recklessly!
You are too injured to fight recklessly!
You miss Xenoroth's ghost. Your kick misses Xenoroth's ghost.
Xenoroth's ghost is heavily damaged.
You feel extremely sick.
Xenoroth's ghost hits you but does no damage.
You are more poisoned.
Your shield prevents you from hitting Xenoroth's ghost.
Your kick misses Xenoroth's ghost.
Xenoroth's ghost is heavily damaged.
* * * LOW HITPOINT WARNING * * *
You feel extremely sick. Xenoroth's ghost barely misses you.
You closely miss Xenoroth's ghost.
Xenoroth's ghost is heavily damaged.
* * * LOW HITPOINT WARNING * * *
You feel very sick. Xenoroth's ghost hits you.
* * * LOW HITPOINT WARNING * * *
You are lethally poisoned!
It was a potion of magic.
Magic courses through your body.
* * * LOW HITPOINT WARNING * * *
You feel very sick.
Xenoroth's ghost is struck by your spines.
Xenoroth's ghost hits you but does no damage.
It was a potion of flight.
You feel very buoyant.
You fly up into the air.
* * * LOW HITPOINT WARNING * * *
You feel very sick.
Xenoroth's ghost hits you but does no damage.
You are more poisoned.
It was a potion of ambrosia.
You are confused.
You feel invigorated.
You die...

..........÷.÷...........## ♣♣≈≈
....[)...................###♣♣≈P.
....<(.......................♣≈P.
...).(........#..............♣≈≈≈
.............#.....#..........♣≈≈
............#......#...........♣.
.................#######.....<...
.................#....$#...>.....
.....#..........@W≈≈≈≈[#..>......
...####..........#.....#.........
#### #.....^....#######........#
#............# .........##
##!...........# #.......##
#.............# #.......#
#.............# #...<.........#
#..............


You could see Xenoroth's ghost.

Vanquished Creatures
  Harold (D:8)
  Maggie (D:7)
  Eustachio (D:4)
  4 wyverns
  A steam dragon (D:7)
  3 water moccasins
  An ice beast (D:6)
  An orc warrior (D:8)
  A sky beast (D:6)
  2 black bears
  3 necrophages
  A hornet zombie (D:7)
  5 ogres
  5 centaurs
  A kobold brigand (D:8)
  A phantom (D:4)
  2 bullfrogs
  A scorpion (D:7)
  A wyvern skeleton (D:5)
  9 killer bees (D:8)
  3 howler monkeys
  2 electric eels (D:9)
  3 wights (D:8)
  2 bullfrog zombies (D:7)
  3 hounds
  2 centaur zombies
  A jelly (D:6)
  2 gnoll shamans
  An orc priest (D:6)
  Crazy Yiuf (D:7)
  2 bullfrog skeletons
  3 iguanas
  Jessica (D:2)
  Natasha (D:2)
  A hound zombie (D:5)
  2 hound skeletons
  A mummy (D:4)
  A howler monkey skeleton (D:7)
  4 adders
  7 gnolls
  2 white imps (D:7)
  An ufetubus (D:4)
  4 adder skeletons (D:4)
  A worm (D:5)
  4 dart slugs
  16 orcs
  8 ball pythons
  9 endoplasms
  2 giant cockroaches (D:1)
  10 goblins
  13 hobgoblins
  5 jackals
  12 kobolds
  6 quokkas
  3 bats
  2 frilled lizards
  A hobgoblin zombie (D:4)
  A jackal skeleton (D:4)
  2 kobold zombies (D:4)
  An orc zombie (D:4)
  A quokka skeleton (D:4)
  3 rats (D:1)
195 creatures vanquished.

Vanquished Creatures (others)
  3 fungi (D:6)
  3 plants (D:9)
6 creatures vanquished.

Grand Total: 201 creatures vanquished

Notes
Turn   | Place    | Note
-------+----------+-------------------------------------------
     0 | D:1      | Araneus the Demonspawn Fighter began the quest for the Orb.
     0 | D:1      | Reached XP level 1. HP: 18/18 MP: 1/1
    19 | D:1      | Reached skill level 2 in Maces & Flails
   210 | D:1      | Gained mutation: You are partially covered in rugged brown
                  | scales. (AC +1, +3% HP) [demonic ancestry]
   210 | D:1      | Reached XP level 2. HP: 14/24 MP: 2/2
   329 | D:1      | Found a faded altar of an unknown god.
   441 | D:1      | Reached skill level 3 in Maces & Flails
   898 | D:1      | Reached XP level 3. HP: 24/29 MP: 3/3
  1357 | D:2      | Noticed Jessica
  1692 | D:2      | Killed Jessica
  1693 | D:2      | Reached skill level 4 in Maces & Flails
  1693 | D:2      | Gained mutation: You have sharp toenails. [demonic
                  | ancestry]
  1693 | D:2      | Reached XP level 4. HP: 21/36 MP: 4/4
  2200 | D:2      | Reached XP level 5. HP: 42/42 MP: 5/5
  2316 | D:2      | Noticed Natasha
  2322 | D:2      | Killed Natasha
  2323 | D:2      | Reached skill level 5 in Maces & Flails
  2623 | D:3      | Found a basalt altar of Yredelemnul.
  2669 | D:3      | Learned a level 1 spell: Summon Small Mammal
  2785 | D:3      | Found a bloodstained altar of Trog.
  3811 | D:4      | Found a shadowy altar of Dithmenos.
  4119 | D:4      | Gained mutation: You are mostly covered in rugged brown
                  | scales. (AC +2, +5% HP) [demonic ancestry]
  4119 | D:4      | Reached XP level 6. HP: 42/49 MP: 6/6
  4303 | D:4      | Reached skill level 6 in Maces & Flails
  4516 | D:4      | Noticed Eustachio
  4532 | D:4      | Killed Eustachio
  4533 | D:4      | Reached skill level 7 in Maces & Flails
  4533 | D:4      | Reached XP level 7. HP: 42/54 MP: 7/7
  4990 | D:5      | Entered Level 5 of the Dungeon
  5025 | D:5      | Reached skill level 8 in Maces & Flails
  5392 | D:5      | Reached XP level 8. HP: 58/60 MP: 8/8
  5609 | D:5      | Reached skill level 9 in Maces & Flails
  6174 | D:6      | Found Cour's Jewellery Shoppe.
  6204 | D:6      | Reached skill level 10 in Maces & Flails
  6346 | D:6      | Found a staircase to the Ecumenical Temple.
  6369 | Temple   | Entered the Ecumenical Temple
  6408 | Temple   | Became a worshipper of Warmaster Okawaru
  6616 | D:6      | Gained mutation: You are partially covered in sharp spines.
                  | [demonic ancestry]
  6616 | D:6      | Reached XP level 9. HP: 66/66 MP: 9/9
  6966 | D:7      | Learned a level 6 spell: Shadow Creatures
  6987 | D:7      | Reached skill level 11 in Maces & Flails
  7017 | D:7      | Reached skill level 1 in Summonings
  7054 | D:7      | Found a snail-covered altar of Cheibriados.
  7090 | D:7      | Reached skill level 1 in Invocations
  7097 | D:7      | Reached * piety under Okawaru
  7150 | D:7      | Found an opulent altar of Gozag.
  7349 | D:7      | Noticed Maggie
  7365 | D:7      | Killed Maggie
  7531 | D:7      | Found a runed translucent door.
  7532 | D:7      | Noticed Crazy Yiuf
  7539 | D:7      | Killed Crazy Yiuf
  7866 | D:8      | Found Atapt's Antique Weapon Shop.
  7885 | D:8      | Reached ** piety under Okawaru
  7886 | D:8      | Gained mutation: Spells you cast may paralyse adjacent
                  | enemies. [demonic ancestry]
  7886 | D:8      | Reached XP level 10. HP: 63/73 MP: 12/12
  8594 | D:8      | Found Guf Veug's Jewellery Boutique.
  8683 | D:9      | Found a staircase to the Orcish Mines.
  8683 | D:9      | Noticed Harold
  8705 | D:8      | Killed Harold
  8706 | D:8      | Reached skill level 5 in Armour
  8706 | D:8      | Reached skill level 5 in Shields
  8758 | D:9      | Found Ovaxzaxt's Jewellery Boutique.
  8859 | D:9      | Found a runed translucent door.
  8880 | D:9      | Found a hide-covered altar of Uskayaw.
  9017 | D:9      | Found a radiant altar of Vehumet.
  9062 | D:9      | Found a burning altar of Makhleb.
  9188 | D:9      | Noticed Xenoroth's ghost (journeyman SpHu)
  9221 | D:9      | HP: 1/73 [poisoned by Xenoroth's ghost]
  9222 | D:9      | Succumbed to Xenoroth's ghost's poison

Illustrated notes

Levels and vault maps discovered:
D:1:      scummos_arrival_simple_crosswalls, layout_loops_ring,
          chequers_ecumenical_altar_simple, minmay_strange_pillars
D:2:      layout_loops_cross, nrook_uturn, uniq_jessica, uniq_natasha
D:3:      layout_basic, trog_three_pillars_becter, marbit_many_paths
D:4:      minmay_octagon_keep, layout_basic, nicolae_overflow_crystal_walls,
          minmay_mini_ossuary, uniq_eustachio
D:5:      layout_basic, hex_tiny, minmay_misc_feat_rugged
D:6:      layout_rooms, minmay_temple_entry_hall, serial_aquarium,
          aquarium_bridge_square [aquarium_subvault_window,
          aquarium_subvault_bridge, aquarium_subvault_wall,
          aquarium_subvault_bridge], aquarium_bridge_straight
          [aquarium_subvault_bridge, aquarium_subvault_wall,
          aquarium_subvault_bridge, aquarium_subvault_balcony],
          aquarium_window_fake, aquarium_window_fake, aquarium_window_1,
          aquarium_view_2a, aquarium_balcony_3a, serial_shops,
          nicolae_stop_n_shop_2
D:7:      layout_loops_ring, lemuel_tele_altar, minmay_ruined_shrine,
          uniq_crazy_yiuf_cottage, uniq_maggie
D:8:      layout_loops_ring, serial_shops, shop,
          nicolae_shop_overgrown_old_shop, serial_bayou_pond_a
D:9:      layout_cave_pods, general_overflow_altar, lemuel_crystal_altar,
          overflow_temple_1_default, vehumet_altar_wand_db, orc_0_dummy,
          serial_shops, shop, ebering_ghost_reflecting_pool,
          serial_bayou_ford_a, uniq_harold
Temple:   minmay_temple_curvy_loop

Skill      XL: |  1  2  3  4  5  6  7  8  9 10 |
---------------+-------------------------------+-----
Maces & Flails | 2 3 4 5 7 8 10 11 | 11.8
Armour         | 4 5 |  5.4
Shields        | 4 5 |  5.5
Summonings     | 2 3 |  3.3
Invocations    | 2 4 |  4.0
Fighting       | |  3.3

Action                   |  1- 3 |  4- 6 |  7- 9 | 10-12 || total
-------------------------+-------+-------+-------+-------++-------
Melee: Flail             |   125 |    95 |       |    25 ||   245
       Kick              |       |    42 |   140 |    47 ||   229
       Whip              |       |    95 |   369 |   129 ||   593
Throw: Throwing net      |       |     1 |       |       ||     1
  Use: Potion            |     1 |       |     3 |     4 ||     8
       Scroll            |       |       |     8 |       ||     8
Armor: Scale mail        |    55 |    26 |       |       ||    81
       Fire dragon scale |       |    89 |   161 |    60 ||   310
Dodge: Dodged            |    36 |    47 |    78 |    24 ||   185
Block: Kite shield       |    64 |    97 |   109 |    58 ||   328

Table legend: (Time is in decaauts)
 A = Elapsed time spent in this place.
 B = Non-inter-level travel time spent in this place.
 C = Inter-level travel time spent in this place.
 D = Time resting spent in this place.
 E = Time spent auto-exploring this place.
 F = Levels seen in this place.
 G = Mean time per level.
                   A        B        C        D        E       F      G
               +--------+--------+--------+--------+--------+-----+--------+
         Total |   9216 |   8592 |    624 |    344 |   6664 |  10 |  921.6 |
       Dungeon |   8990 |   8389 |    601 |    344 |   6471 |   9 |  998.9 |
        Temple |    225 |    202 |     23 |      0 |    193 |   1 |  225.0 |
               +--------+--------+--------+--------+--------+-----+--------+

Top non-repeatable levels by time:
     D:1: 1718 daAuts
     D:4: 1326 daAuts
     D:3: 1171 daAuts
     D:5: 1021 daAuts
     D:8: 927 daAuts
     D:2: 889 daAuts
     D:7: 810 daAuts
     D:6: 693 daAuts
     D:9: 433 daAuts
  Temple: 225 daAuts
